 Dungeon Crawl Stone Soup version 0.26.0-9-gab577f9fc5 (webtiles) character file.

Game seed: 13509163829908357202

81 Froggeryz the Grave Robber (level 4, -2/30 HPs)
             Began as a Demonspawn Necromancer on Jan 13, 2021.
             Slain by a water moccasin skeleton (5 damage)
             ... on level 4 of the Dungeon.
             The game lasted 00:04:07 (3927 turns).

Froggeryz the Grave Robber (Demonspawn Necromancer) Turns: 3927, Time: 00:04:07

Health: -2/30      AC:  4    Str: 10    XL:     4   Next: 20%
Magic:  7/7        EV: 12    Int: 16    God:
Gold:   165        SH:  0    Dex: 13    Spells: 3/7 levels left

rFire    . . .     SeeInvis .   h - +0 dagger (drain)
rCold    . . .     Faith    .   (no shield)
rNeg     . . .     Spirit   .   a - +0 robe
rPois    .         Reflect  .   (no helmet)
rElec    .         Harm     .   (no cloak)
rCorr    .         Rampage  .   (no gloves)
Will     .....                  (no boots)
Stlth    ++........             (no amulet)
HPRegen  0.10/turn              (no ring)
MPRegen  0.10/turn              (no ring)

@: no status effects
A: claws 2, iridescent scales 1
a: no special abilities


You were on level 4 of the Dungeon.
You visited 1 branch of the dungeon, and saw 4 of its levels.

You collected 165 gold pieces.

Inventory:

Hand Weapons
 h - a +0 dagger of draining (weapon)
Missiles
 i - 16 poisoned darts (quivered)
Armour
 a - a +0 robe (worn)
Scrolls
 b - 5 scrolls of teleportation {unknown}
 c - 8 scrolls of remove curse {unknown}
 e - 2 scrolls of magic mapping {unknown}
 g - a scroll of enchant armour {unknown}
 j - a scroll of identify {unknown}
 k - a scroll of blinking {unknown}
Potions
 d - 2 potions of haste {unknown}
 f - a potion of ambrosia {unknown}
 l - 2 potions of attraction {unknown}
 m - a potion of heal wounds {unknown}


   Skills:
 - Level 1.7 Dodging
 - Level 1.7 Stealth
 + Level 2.3 Unarmed Combat
 - Level 2.0 Spellcasting
 + Level 5.4 Necromancy


You had 3 spell levels left.
You knew the following spells:

 Your Spells              Type           Power        Failure   Level
a - Pain                  Necr           76%          2%          1
b - Vampiric Draining     Necr           9%           7%          3

Your spell library contained the following spells:

 Spells                   Type           Power        Failure   Level
 Animate Skeleton         Necr           38%          2%          1
 Animate Dead             Necr           9%           22%         4
 Agony                    Necr           19%          52%         5


Dungeon Overview and Level Annotations

Branches:
Dungeon (4/15)
 Temple: D:4-7

Altars:


Innate Abilities, Weirdness & Mutations

You have very sharp fingernails.
You are partially covered in iridescent scales. (AC +2)


Message History

You are too injured to fight recklessly!
You are too injured to fight recklessly!
You are too injured to fight recklessly!
You are too injured to fight recklessly!
You are too injured to fight recklessly!
You are too injured to fight recklessly!
You are too injured to fight recklessly!
You are too injured to fight recklessly!
You are too injured to fight recklessly!
You hit the water moccasin skeleton.
The water moccasin skeleton is heavily damaged.
The water moccasin skeleton barely misses you.
You hit the water moccasin skeleton but do no damage.
The water moccasin skeleton is heavily damaged.
The water moccasin skeleton bites you!
* * * LOW HITPOINT WARNING * * *
You hit the water moccasin skeleton.
The water moccasin skeleton is heavily damaged.
The water moccasin skeleton bites you.
You die...

#..# #..#
######..##
#........#
#........#
#........#
########.##
#######..#
#....Z@..#
#.........#
#.........#
.........#.#
##.......#.#
#.......#..
##...###..>#
#.## # .#


You could see a water moccasin skeleton.

Vanquished Creatures
  An adder (D:3)
  5 worms
  A leopard gecko (D:3)
  An orc (D:3)
  3 giant cockroaches
  7 goblins
  11 hobgoblins
  9 bats
  4 frilled lizards
  5 kobolds
  8 rats
55 creatures vanquished.

Notes
Turn   | Place    | Note
-------+----------+-------------------------------------------
     0 | D:1      | Froggeryz the Demonspawn Necromancer began the quest for
                  | the Orb.
     0 | D:1      | Reached XP level 1. HP: 13/13 MP: 3/3
   720 | D:1      | Reached skill level 1 in Unarmed Combat
   720 | D:1      | Gained mutation: You are partially covered in iridescent
                  | scales. (AC +2) [demonic ancestry]
   720 | D:1      | Reached XP level 2. HP: 17/19 MP: 1/5
  1727 | D:2      | Reached skill level 5 in Necromancy
  1727 | D:2      | Gained mutation: You have sharp fingernails. [demonic
                  | ancestry]
  1727 | D:2      | Reached XP level 3. HP: 24/24 MP: 6/6
  2673 | D:3      | Learned a level 3 spell: Vampiric Draining
  3143 | D:3      | Gained mutation: You have very sharp fingernails. [demonic
                  | ancestry]
  3143 | D:3      | Reached XP level 4. HP: 27/30 MP: 5/7
  3927 | D:4      | Slain by a water moccasin skeleton

Illustrated notes

Levels and vault maps discovered:
D:1:      minmay_arrival_widening_spiral_narrow, layout_loops_ring
D:2:      layout_rooms
D:3:      layout_basic
D:4:      layout_basic, gammafunk_temple_overflow_elements

Skill      XL: |  1  2  3 |
---------------+----------+-----
Unarmed Combat | 1 2 |  2.3
Necromancy     | 5 |  5.4
Dodging        | |  1.7
Stealth        | |  1.7
Spellcasting   | |  2.0

Action                   |  1- 3 |  4- 6 || total
-------------------------+-------+-------++-------
Melee: Unarmed           |    21 |       ||    21
       Dagger            |    71 |    29 ||   100
Throw: Dart              |    27 |       ||    27
 Cast: Pain              |    59 |     6 ||    65
       Vampiric Draining |       |     1 ||     1
 Stab: Sleeping          |     3 |     3 ||     6
Armor: Robe              |    35 |     3 ||    38
Dodge: Dodged            |    54 |    12 ||    66
